 Dungeon Crawl Stone Soup version 0.31-a0-731-ga75f04deac (webtiles) character file.

Game seed: 14764339429913544019

239642 Essalna the Warrior (level 19, -15/169 HPs)
             Began as a Demonspawn Conjurer on Sept 10, 2023.
             Was the Champion of Vehumet.
             Killed from afar by an ironbound frostheart (22 damage)
             ... by creeping frost
             ... on level 3 of the Vaults on Sept 12, 2023.
             The game lasted 02:51:16 (45516 turns).

Essalna the Warrior (Demonspawn Conjurer)          Turns: 45516, Time: 02:51:17

Health: -15/169    AC: 18    Str:  8    XL:     19   Next: 2%
Magic:  2/45       EV: 12    Int: 26    God:    Vehumet [******]
Gold:   3616       SH:  6    Dex: 13    Spells: 13/44 levels left

rFire   + + .        o - staff of fire
rCold   + . .        l - +0 buckler
rNeg    . . .        v - +0 troll leather armour
rPois   .            (helmet unavailable)
rElec   .            X - scarf {rC+ rF+}
rCorr   .            d - +1 pair of gloves {infuse}
SInv    .            n - +1 pair of boots
Will    +....        h - amulet of regeneration
Stlth   ++           B - ring of the Tortoise {AC+8}
HPRegen 2.08/turn    t - ring of magical power
MPRegen 0.29/turn

%: infuse magic (1 MP)
@: mighty
A: horns 3, slimy green scales 2, powered by death 3, powered by pain 3
}: 1/15 runes: barnacled
a: Renounce Religion


You were on level 3 of the Vaults.
You worshipped Vehumet.
Vehumet was exalted by your worship.
You visited 7 branches of the dungeon, and saw 31 of its levels.
You visited 1 bazaar.
You also visited: Sewer and Gauntlet.

You collected 4441 gold pieces.
You spent 825 gold pieces at shops.

Inventory:

Missiles
 W - a throwing net
Armour
 d - a +1 pair of gloves of infusion (worn)
 l - a +0 buckler (worn)
 n - a +1 pair of boots (worn)
 r - a +2 hat of stealth
 v - a +0 troll leather armour (worn)
 y - the +6 ring mail of the Eternal Void {*Slow rElec Int+4 Slay+2}
   (You found it on level 3 of the Dungeon)

   Int+4:     It affects your intelligence (+4).
   Slay+2:    It affects your accuracy & damage with ranged weapons and melee
   (+2).
   rElec:     It insulates you from electricity.
   *Slow:     It may slow you when you take damage.
 J - a +1 cloak of willpower
 P - the +2 leather armour of Hangman {rC+ Int+3}
   (You bought it in a shop in a bazaar)

   Int+3:     It affects your intelligence (+3).
   rC+:       It protects you from cold.
 X - a scarf of resistance (worn)
Magical Staves
 o - a staff of fire (weapon)
Jewellery
 b - a ring of willpower
 f - the ring of the Equinox {rPois Str-3 Int+5}
   (You found it in a Gauntlet)

   [ring of poison resistance]

   Str-3:     It affects your strength (-3).
   Int+5:     It affects your intelligence (+5).
   rPois:     It protects you from poison
 g - a +4 ring of protection
 h - an amulet of regeneration (around neck)
 q - an amulet of reflection
 t - a ring of magical power (right hand)
 B - the ring of the Tortoise (left hand) {AC+8}
   (You found it on level 4 of the Shoals)

   [ring of protection]

   AC+8:      It affects your AC (+8).
 H - a ring of wizardry
 Q - a ring of flight
 R - a +5 ring of evasion
 V - a ring of protection from cold
Wands
 u - a wand of light (6)
 Z - a wand of roots (17)
Scrolls
 k - 9 scrolls of identify
 p - 4 scrolls of amnesia
 x - 8 scrolls of fog
 C - 5 scrolls of enchant weapon
 F - 11 scrolls of teleportation
 G - a scroll of poison
 I - a scroll of brand weapon
 K - 2 scrolls of revelation
 M - 4 scrolls of immolation
 O - 2 scrolls of enchant armour
 S - a scroll of blinking
 U - 4 scrolls of fear
 Y - 2 scrolls of butterflies
Potions
 a - 2 potions of haste
 e - 6 potions of curing
 i - a potion of resistance
 j - 6 potions of mutation
 m - 10 potions of brilliance
 s - 2 potions of magic
 w - 12 potions of invisibility
 z - 6 potions of attraction
 A - 8 potions of degeneration
 D - 9 potions of enlightenment
 E - 4 potions of lignification
 L - 2 potions of cancellation
 N - 6 potions of might
 T - a potion of ambrosia


   Skills:
 - Level 20.0 Fighting
 - Level 4.0 Armour
 - Level 4.0 Dodging
 - Level 1.7 Stealth
 + Level 10.1 Shields
 + Level 13.0 Spellcasting
 - Level 18.0 Conjurations
 - Level 6.0 Necromancy
 + Level 11.5 Fire Magic
 - Level 4.0 Ice Magic
 - Level 4.0 Air Magic


You had 13 spell levels left.
You knew the following spells:

 Your Spells              Type           Power      Damage    Failure   Level
a - Magic Dart            Conj           100%       1d8       0%          1
b - Searing Ray           Conj           100%       2d8       0%          2
c - Freezing Cloud        Conj/Ice/Air   29%        6-21      1%          5
d - Orb of Destruction    Conj           42%        9d12      1%          7
e - Stone Arrow           Conj/Erth      100%       3d13      1%          3
f - Starburst             Conj/Fire      48%        6d13      1%          6
g - Sublimation of Blood  Necr           48%        N/A       1%          2
h - Fireball              Conj/Fire      48%        3d19      1%          5

Your spell library contained the following spells:

 Spells                   Type           Power      Damage    Failure   Level
 Chain Lightning          Conj/Air       32%        3d43      100%        9
 Polar Vortex             Ice            18%        12d2*     100%        9
 Shatter                  Erth           8%         3d10*     100%        9
 Freeze                   Ice            100%       1d10      1%          1
 Necrotise                Necr           100%       1d9       1%          1
 Sandblast                Erth           32%        2d9       1%          1
 Poisonous Vapours        Pois/Air       54%        N/A       1%          2
 Scorch                   Fire           100%       2d9       1%          2
 Dazzling Flash           Conj/Hex       100%       N/A       1%          3
 Frozen Ramparts          Ice            74%        1d12      1%          3
 Hailstorm                Conj/Ice       65%        3d14      1%          3
 Mephitic Cloud           Conj/Pois/Air  53%        N/A       1%          3
 Vampiric Draining        Necr           48%        2d9       1%          3
 Volatile Blastmotes      Fire/Tloc      100%       2d18      1%          3
 Flame Wave               Conj/Fire      96%        2d20      1%          4
 Fulminant Prism          Conj/Hex       29%        3d13      1%          4
 Iskenderun's Mystic Bla  Conj/Tloc      59%        2d12      1%          4
 Irradiate                Conj/Tmut      29%        3d21      1%          5
 Swiftness                Air            37%        N/A       3%          3
 Ensorcelled Hibernation  Hex/Ice        54%        N/A       4%          2
 Summon Small Mammal      Summ           64%        N/A       6%          1
 Leda's Unmaking          Conj/Erth      29%        9d5       7%          6
 Passwall                 Tmut/Erth      13%        N/A       10%         2
 Plasma Beam              Fire/Air       36%        2x1d49    11%         6
 Agony                    Necr           48%        N/A       16%         5
 Call Canine Familiar     Summ           16%        N/A       19%         3
 Summon Guardian Golem    Hex/Summ       16%        N/A       19%         3
 Tukima's Dance           Hex            16%        N/A       19%         3
 Vhi's Electric Charge    Tloc/Air       54%        N/A       28%         4
 Spellforged Servitor     Conj/Summ      29%        N/A       32%         7
 Lee's Rapid Deconstruct  Erth           8%         3d7*      41%         5
 Animate Armour           Summ/Erth      32%        N/A       54%         4
 Dimensional Bullseye     Hex/Tloc       8%         N/A       54%         4
 Leda's Liquefaction      Hex/Erth       8%         N/A       54%         4
 Petrify                  Tmut/Erth      16%        N/A       54%         4
 Summon Forest            Summ/Tloc      8%         N/A       87%         5
 Eringya's Noxious Bog    Tmut/Pois      8%         4d6       90%         6
 Lehudib's Crystal Spear  Conj/Erth      29%        10d8      92%         8
 Summon Cactus Giant      Summ           8%         N/A       100%        6
 Summon Hydra             Summ           8%         N/A       100%        7
 Maxwell's Capacitive Co  Air            18%        ∞         100%        8


Dungeon Overview and Level Annotations

Branches:
Dungeon (15/15)            Temple (1/1) D:7            Lair (5/5) D:11
 Shoals (4/4) Lair:3       Spider (1/4) Lair:3        Slime (0/5) Lair:4
    Orc (2/2) D:9             Elf (0/3) Orc:2        Vaults (3/5) D:13
  Crypt (0/3) Vaults:2     Depths (0/4) D:15          Sewer (visited)
Gauntlet (visited)

Altars:
Ashenzari
Cheibriados
Dithmenos
Fedhas
Gozag
Hepliaklqana
Kikubaaqudgha
Makhleb
Nemelex Xobeh
Okawaru
Qazlal
Ru
Sif Muna
Trog
Uskayaw
Vehumet
Wu Jian
Xom
Yredelemnul

Shops:
D:5 [   D:11 :   Orc:2 ((**   Shoals:2 [   Shoals:3 ?   Vaults:2 [

Annotations:
D:15 1 runed translucent door, Ebuug's ghost, journeyman DrSh
Temple 2 transporters
Lair:4 2 runed translucent doors, Xaewif's ghost, journeyman GnHu
Shoals:3 Polyphemus


Innate Abilities, Weirdness & Mutations

You have a pair of large horns on your head.
You are mostly covered in slimy green scales. (AC +3)
You regenerate a lot of health from kills.
You are powered by pain.


Message History

The crystal bolt freezes you! You resist.
* * * LOW HITPOINT WARNING * * *
You focus on the pain.
You feel mightier all of a sudden.
Aiming: Bolt of Light
Press: ? - help, Shift-Dir - straight line, f/p - crystal guardian
Aim: a crystal guardian (severely damaged, 100% to hit)
The bolt of light hits the crystal guardian but does no damage.
The crystal guardian is severely damaged.
The crystal guardian is blinded.
An ironbound frostheart comes into view.
Aiming: Bolt of Light
Press: ? - help, Shift-Dir - straight line, f/p - crystal guardian
Aim: a crystal guardian (severely damaged, blind, 100% to hit)
The bolt of light hits the crystal guardian but does no damage.
The crystal guardian is severely damaged.
Aiming: Bolt of Light
Press: ? - help, Shift-Dir - straight line, f/p - crystal guardian
Aim: a crystal guardian (severely damaged, blind, 100% to hit)
The bolt of light hits the crystal guardian!
The crystal guardian is almost destroyed.
The crystal guardian fires a crystalline bolt at you.
The crystal bolt burns you! You resist.
* * * LOW HITPOINT WARNING * * *
The crystal bolt misses you.
The crystal bolt burns the crystal guardian.
The crystal guardian completely resists.
Casting: Sublimation of Blood (safe; 1% risk of failure)
Confirm with . or Enter, or press ? or * to list all spells.
You draw magical energy from your own body!
The crystal guardian fires a crystalline bolt at you.
The crystal bolt burns you!! You resist.
* * * LOW HITPOINT WARNING * * *
The crystal bolt burns you! You resist.
* * * LOW HITPOINT WARNING * * *
The crystal bolt burns the crystal guardian.
The crystal guardian completely resists.
The ironbound frostheart calls freezing cold from the walls.
The frost grips you!! You resist.
You die...

...# ...# ### ...#
...#############'#######
#
...#....................
.
...#....................
.
...'....................
.
...#............9.......
.
...#............@....p..
.
...'.....####'##########
...#.....##........#
...#.....##........#
...#.....##..>.....#
...#.....##........#
####.....##........#
#.....##.......^#
#.....###########


You could see a crystal guardian (wandering, blind) and an ironbound frostheart.

Vanquished Creatures
  Margery (Vaults:2)
  A golden dragon (Vaults:3)
  Nikola (Vaults:2)
  2 sphinxes (Vaults:2)
  A kraken (Shoals:2)
  Gastronok (Lair:2)
  Frances (Shoals:1)
  An ancient champion (Vaults:2)
  Ilsuiw (Shoals:3)
  5 vault wardens
  An orc warlord (Vaults:2)
  3 ironbound preservers
  A formless jellyfish (Vaults:2)
  A stone giant (D:15)
  3 ironbound thunderhulks
  A war gargoyle (Vaults:3)
  13 dire elephants
  A spark wasp (shapeshifter) (D:13)
  A minotaur (Gauntlet)
  2 merfolk javelineers (Shoals:4)
  2 crystal guardians (Vaults:3)
  9 merfolk impalers
  6 yaktaur captains
  4 great orbs of eyes
  Fannar (Lair:3)
  Harold (D:10)
  2 peacekeepers (Vaults:3)
  12 vault guards
  5 ogre magi
  4 hydras
  5 boulder beetles
  5 merfolk avatars
  16 two-headed ogres
  5 ironbound frosthearts
  6 catoblepae
  A satyr (Shoals:2)
  10 centaur warriors
  3 merfolk aquamancers
  20 death yaks
  3 tengu warriors
  A vampire mage (Vaults:2)
  4 hell knights
  Sonja (Lair:3)
  3 sun demons (Shoals:4)
  3 skysharks
  4 skeletal warriors (D:13)
  10 deep trolls
  16 sea snakes
  A swamp dragon (Lair:4)
  A flayed ghost (D:13)
  A deep elf archer (D:13)
  11 lindwurms
  21 wizards
  12 ironbound convokers
  3 necromancers
  Pikel (D:8)
  4 deep elf pyromancers
  2 deep elf zephyrmancers (D:14)
  25 manticores
  6 orc knights
  18 harpies
  4 orc sorcerers
  A wolf spider (Spider:1)
  23 ugly things
  A human skeleton (Vaults:1)
  11 cyclopes
  2 centaur zombies (D:10)
  14 fauns
  6 merfolk sirens
  9 elephants
  4 black mambas
  11 cane toads
  9 water nymphs
  14 vault sentinels
  2 unseen horror zombies (D:10)
  8 komodo dragons
  13 yaktaurs
  2 rime drakes (Lair:5)
  A human zombie (Vaults:1)
  2 tengu conjurers (D:13)
  2 polar bears
  20 merfolk
  9 meliai
  10 trolls
  Prince Ribbit (D:8)
  7 wind drakes
  A hornet (Lair:2)
  A wolf spider simulacrum (Gauntlet)
  15 blink frogs
  4 snapping turtles
  5 dream sheep (Lair:3)
  23 slime creatures
  3 centaur simulacra (Gauntlet)
  3 jumping spiders
  7 shadows
  8 water elementals
  7 vampires
  8 wraiths
  Sigmund (D:2)
  5 wyverns
  A human (shapeshifter) (D:12)
  4 basilisks
  51 yaks
  A vampire mosquito (D:13)
  3 steam dragons
  2 redbacks (Vaults:3)
  A warg (D:15)
  6 acid dragons
  8 water moccasins
  A floating eye (shapeshifter) (Vaults:2)
  A hydra simulacrum (Gauntlet)
  A black bear (D:6)
  14 orc warriors
  An ice beast (D:6)
  A meliai simulacrum (D:13)
  25 ogres
  5 centaurs
  4 wolves (Lair:2)
  5 boggarts (D:14)
  3 lemures (D:8)
  4 phantoms
  Blork the orc (D:6)
  3 scorpions
  13 bullfrogs
  15 wights
  17 killer bees
  8 electric eels
  11 howler monkeys
  19 orc priests
  5 hounds
  2 gnoll boudas
  A jelly (Lair:4)
  A sleepcap (D:4)
  2 iguanas
  Ijyb (D:3)
  23 orc wizards
  A howler monkey zombie (D:10)
  Robin (D:2)
  16 gnolls
  11 adders
  2 white imps
  2 ufetubi (D:5)
  A worm (D:4)
  4 dart slugs
  66 orcs
  7 ball pythons
  8 endoplasms
  9 giant cockroaches
  3 hobgoblins
  7 kobolds
  3 quokkas
  4 bats
  7 frilled lizards
  13 goblins
  8 rats
1024 creatures vanquished.

Vanquished Creatures (others)
  4 tentacles (Shoals:2)
4 creatures vanquished.

Grand Total: 1028 creatures vanquished

Notes
Turn   | Place    | Note
-------+----------+-------------------------------------------
     0 | D:1      | Essalna the Demonspawn Conjurer began the quest for the
                  | Orb.
     0 | D:1      | Reached XP level 1. HP: 13/13 MP: 3/3
   286 | D:1      | Gained mutation: You sometimes gain a little power by
                  | taking damage. [demonic ancestry]
   286 | D:1      | Reached XP level 2. HP: 19/19 MP: 1/5
  1080 | D:2      | Gained mutation: You sometimes gain power by taking damage.
                  | [demonic ancestry]
  1080 | D:2      | Reached XP level 3. HP: 24/24 MP: 2/7
  1083 | D:2      | Learned a level 2 spell: Searing Ray
  1412 | D:2      | Noticed Sigmund
  1417 | D:2      | Killed Sigmund
  1418 | D:2      | Reached skill level 5 in Conjurations
  1418 | D:2      | Gained mutation: You regenerate a little health from kills.
                  | [demonic ancestry]
  1418 | D:2      | Reached XP level 4. HP: 30/30 MP: 1/9
  1418 | D:2      | Reached XP level 5. HP: 35/35 MP: 1/10
  1692 | D:2      | Noticed Robin
  1698 | D:2      | Killed Robin
  2164 | D:3      | Identified the +6 ring mail of the Eternal Void {*Slow
                  | rElec Int+4 Slay+2}
  2562 | D:3      | Noticed Ijyb
  2567 | D:3      | Paralysed by Ijyb for 3 turns
  2575 | D:3      | Killed Ijyb
  2576 | D:3      | Gained mutation: You have a pair of small horns on your
                  | head. [demonic ancestry]
  2576 | D:3      | Reached XP level 6. HP: 41/41 MP: 7/12
  2691 | D:3      | Found a faded altar of an unknown god.
  3194 | D:4      | Reached skill level 1 in Fighting
  3630 | D:4      | Reached skill level 5 in Spellcasting
  3630 | D:4      | Gained mutation: You regenerate health from kills. [demonic
                  | ancestry]
  3630 | D:4      | Reached XP level 7. HP: 48/48 MP: 14/14
  3691 | D:4      | Reached skill level 2 in Fighting
  4046 | D:4      | Found a shimmering altar of Xom.
  4249 | D:5      | Entered Level 5 of the Dungeon
  4255 | D:5      | Reached skill level 3 in Fighting
  4444 | D:5      | Found a glowing drain.
  4472 | Sewer    | Entered a sewer
  4807 | Sewer    | Reached skill level 4 in Fighting
  4807 | Sewer    | Reached XP level 8. HP: 60/60 MP: 15/15
  5097 | D:5      | Found Haxif's Antique Armour Boutique.
  5108 | D:5      | Bought a colourful robe for 131 gold pieces
  5108 | D:5      | Identified the +0 robe of Mezcal {rF+ Dex+2} (You bought it
                  | in a shop on level 5 of the Dungeon)
  5275 | D:6      | Noticed Blork the orc
  5282 | D:6      | Killed Blork the orc
  5455 | D:6      | Reached skill level 1 in Shields
  5852 | D:6      | Reached skill level 5 in Fighting
  6817 | D:7      | Found a blossoming altar of Fedhas.
  6902 | D:7      | Reached XP level 9. HP: 65/69 MP: 16/16
  6988 | D:7      | Reached skill level 6 in Fighting
  7557 | D:7      | Found a staircase to the Ecumenical Temple.
  7566 | Temple   | Found a transporter.
  7566 | Temple   | Found a transporter.
  7566 | Temple   | Found a transporter.
  7566 | Temple   | Found a transporter.
  7566 | Temple   | Entered the Ecumenical Temple
  7582 | Temple   | Became a worshipper of Vehumet
  8057 | D:7      | Found a shimmering blue altar of Sif Muna.
  8060 | D:7      | Found a burning altar of Makhleb.
  8199 | D:8      | Noticed Pikel
  8306 | D:8      | Killed Pikel
  8307 | D:8      | Reached skill level 7 in Fighting
  8408 | D:8      | Got the Annotations on Pneumatic Frost
  8578 | D:8      | Noticed a deep elf pyromancer
  8945 | D:8      | Noticed Prince Ribbit
  8959 | D:8      | Killed Prince Ribbit
  8960 | D:8      | Reached skill level 10 in Conjurations
  9089 | D:8      | Reached skill level 8 in Fighting
  9259 | D:8      | Killed a deep elf pyromancer
  9260 | D:8      | Gained mutation: You are partially covered in slimy green
                  | scales. (AC +2) [demonic ancestry]
  9260 | D:8      | Reached XP level 10. HP: 70/81 MP: 15/17
  9619 | D:8      | Reached * piety under Vehumet
  9619 | D:8      | Offered knowledge of Foxfire by Vehumet.
 10292 | D:9      | Reached skill level 9 in Fighting
 10350 | D:9      | Found a staircase to the Orcish Mines.
 10791 | D:9      | Learned a level 5 spell: Freezing Cloud
 10986 | D:9      | Reached skill level 1 in Ice Magic
 10986 | D:9      | Reached skill level 1 in Air Magic
 11026 | D:9      | Offered knowledge of Shock by Vehumet.
 11165 | D:9      | Reached ** piety under Vehumet
 11892 | D:9      | Found a broken altar of Ashenzari.
 11892 | D:9      | Found an ancient bone altar of Kikubaaqudgha.
 12068 | D:10     | Entered Level 10 of the Dungeon
 12209 | D:9      | Reached skill level 10 in Fighting
 12480 | Orc:1    | Entered Level 1 of the Orcish Mines
 12727 | Orc:1    | Reached XP level 11. HP: 79/91 MP: 4/18
 12729 | Orc:1    | Offered knowledge of Ignite Poison by Vehumet.
 13054 | Orc:1    | Noticed an orc sorcerer
 13059 | Orc:1    | Killed an orc sorcerer
 13090 | Orc:2    | Entered Level 2 of the Orcish Mines
 13298 | Orc:2    | Reached *** piety under Vehumet
 13458 | Orc:2    | Noticed a two-headed ogre
 13458 | Orc:2    | Noticed a two-headed ogre
 13459 | Orc:2    | Noticed a two-headed ogre
 13465 | Orc:2    | Noticed a two-headed ogre
 13468 | Orc:2    | Killed a two-headed ogre
 13469 | Orc:2    | Killed a two-headed ogre
 13470 | Orc:2    | Reached skill level 11 in Fighting
 13470 | Orc:2    | Killed a two-headed ogre
 13472 | Orc:2    | Killed a two-headed ogre
 13474 | Orc:2    | Noticed a two-headed ogre
 13478 | Orc:2    | Noticed an ogre mage
 13481 | Orc:2    | Killed a two-headed ogre
 13485 | Orc:2    | Killed an ogre mage
 13596 | Orc:2    | Noticed an ogre mage
 13603 | Orc:2    | Killed an ogre mage
 13624 | Orc:2    | Offered knowledge of Inner Flame by Vehumet.
 13704 | Orc:2    | Noticed an ogre mage
 13711 | Orc:2    | Killed an ogre mage
 13712 | Orc:2    | Reached skill level 12 in Fighting
 13869 | Orc:2    | Noticed a two-headed ogre
 13875 | Orc:2    | Killed a two-headed ogre
 13876 | Orc:2    | Gained mutation: You are powered by pain. [demonic
                  | ancestry]
 13876 | Orc:2    | Reached XP level 12. HP: 102/102 MP: 4/19
 14098 | Orc:2    | Noticed a two-headed ogre
 14104 | Orc:2    | Killed a two-headed ogre
 14241 | Orc:2    | Found a staircase to the Elven Halls.
 14280 | Orc:2    | Noticed a two-headed ogre
 14291 | Orc:2    | Killed a two-headed ogre
 14304 | Orc:2    | Noticed an ogre mage
 14369 | Orc:2    | Killed an ogre mage
 14369 | Orc:2    | Reached **** piety under Vehumet
 14519 | Orc:2    | Noticed a two-headed ogre
 14524 | Orc:2    | Killed a two-headed ogre
 14525 | Orc:2    | Reached skill level 13 in Fighting
 14654 | Orc:2    | Found Heinnis's Antique Weapon Boutique.
 14655 | Orc:2    | Found Riffeut's Weapon Shoppe.
 14655 | Orc:2    | Found Filohiha's General Store.
 14655 | Orc:2    | Found Qouxil's General Store.
 14823 | Orc:1    | Offered knowledge of Airstrike by Vehumet.
 16330 | D:10     | Noticed Harold
 16344 | D:10     | Killed Harold
 16666 | D:11     | Reached skill level 14 in Fighting
 16744 | D:11     | Reached ***** piety under Vehumet
 16924 | D:11     | Found a staircase to the Lair.
 16938 | Lair:1   | Entered Level 1 of the Lair of Beasts
 16944 | Lair:1   | Identified 2 scrolls of acquirement
 16944 | Lair:1   | Acquired a book of Dangerous Friends
 16954 | Lair:1   | Learned a level 7 spell: Orb of Destruction
 17051 | Lair:1   | Offered knowledge of Yara's Violent Unravelling by Vehumet.
 17115 | Lair:1   | Found a gate leading to a gauntlet.
 17124 | Gauntlet | Entered a Gauntlet
 17124 | Gauntlet | Found a transporter.
 17124 | Gauntlet | Found a transporter.
 17140 | Gauntlet | Found a transporter.
 17144 | Gauntlet | Found a transporter.
 17154 | Gauntlet | Found a transporter.
 17175 | Gauntlet | Found a transporter.
 17187 | Gauntlet | Found a transporter.
 17193 | Gauntlet | Found a transporter.
 17235 | Gauntlet | Found a transporter.
 17255 | Gauntlet | Found a transporter.
 17261 | Gauntlet | Found a transporter.
 17278 | Gauntlet | Found a transporter.
 17314 | Gauntlet | Learned a level 3 spell: Stone Arrow
 17427 | Gauntlet | Identified the amulet of Teaskea {Spirit Fly rN+ Stlth+}
 17456 | Gauntlet | Reached XP level 13. HP: 113/113 MP: 20/20
 17531 | Gauntlet | Identified the ring of the Equinox {rPois Str-3 Int+5}
 17544 | Gauntlet | Noticed a minotaur
 17558 | Gauntlet | Killed a minotaur
 17612 | Gauntlet | Identified the +8 dagger of Vanity {antimagic, Str+5}
 18036 | Lair:1   | Reached skill level 15 in Conjurations
 18641 | Lair:2   | Noticed Gastronok
 18675 | Lair:2   | Killed Gastronok
 18716 | Lair:1   | Reached skill level 15 in Fighting
 20203 | Lair:3   | Noticed Sonja
 20212 | Lair:3   | Killed Sonja
 20709 | Lair:3   | Reached skill level 16 in Fighting
 20765 | Lair:3   | Reached XP level 14. HP: 125/125 MP: 21/21
 20879 | Lair:3   | Noticed Fannar
 20883 | Lair:3   | Killed Fannar
 21022 | Lair:3   | Found a hole to the Spider Nest.
 21094 | Lair:3   | Offered knowledge of Irradiate by Vehumet.
 21156 | Lair:3   | Found a staircase to the Shoals.
 22294 | Lair:4   | Found a staircase to the Slime Pits.
 22643 | Lair:4   | Found a large runed translucent door.
 22643 | Lair:4   | Found a large runed translucent door.
 22646 | Lair:4   | Noticed Xaewif's ghost (journeyman GnHu)
 23356 | Lair:5   | Entered Level 5 of the Lair of Beasts
 24019 | Lair:5   | Reached skill level 17 in Fighting
 24832 | Lair:5   | Upgraded the game from 0.31-a0-716-gc7603755dd to
                  | 0.31-a0-726-g3c93526463
 25653 | D:11     | Offered knowledge of Starburst by Vehumet.
 26199 | D:11     | Found Lussolur's Book Shoppe.
 26393 | D:11     | Bought a book of Alchemy for 364 gold pieces
 27013 | D:12     | Acquired 1120 gold pieces
 27368 | D:12     | Reached XP level 15. HP: 134/134 MP: 17/24
 27375 | D:12     | Learned a level 6 spell: Starburst
 27659 | D:12     | Reached skill level 1 in Fire Magic
 28361 | D:13     | Reached skill level 1 in Armour
 29530 | D:13     | Learned a level 2 spell: Sublimation of Blood
 29826 | D:13     | Offered knowledge of Ozocubu's Refrigeration by Vehumet.
 30021 | D:13     | Reached skill level 1 in Necromancy
 30091 | D:13     | Found a gate to the Vaults.
 31054 | D:14     | Identified the +12 flail of Compound Interest {antimagic,
                  | rF+ Will+ Int-2 SInv}
 31840 | D:14     | Identified the +5 sling of Extremism {flame, rElec rPois
                  | rF+ Dex+2}
 31891 | D:14     | Reached skill level 5 in Fire Magic
 32691 | D:15     | Entered Level 15 of the Dungeon
 32691 | D:15     | Found a runed translucent door.
 32866 | D:15     | Gained mutation: You have a pair of horns on your head.
                  | [demonic ancestry]
 32866 | D:15     | Reached XP level 16. HP: 142/142 MP: 17/28
 32896 | D:15     | Reached skill level 5 in Necromancy
 33223 | D:15     | Offered knowledge of Fireball by Vehumet.
 33232 | D:15     | Learned a level 5 spell: Fireball
 33535 | D:15     | Found a staircase to the Depths.
 33636 | D:15     | Noticed Ebuug's ghost (journeyman DrSh)
 33952 | D:15     | Found a shadowy altar of Dithmenos.
 34737 | Shoals:1 | Entered Level 1 of the Shoals
 34768 | Shoals:1 | Reached skill level 18 in Fighting
 35060 | Shoals:1 | Noticed Frances
 35112 | Shoals:1 | Killed Frances
 35232 | Shoals:1 | Identified the +2 leather armour of Irksome Brilliance {rN+
                  | Int+6 Dex-4}
 35845 | Shoals:2 | Offered knowledge of Arcjolt by Vehumet.
 36098 | Shoals:2 | Reached skill level 5 in Shields
 36102 | Shoals:2 | Reached skill level 10 in Spellcasting
 36421 | Shoals:2 | Noticed a kraken
 36424 | Shoals:2 | Killed a kraken
 36894 | Shoals:2 | Found Giythaleo's Armour Boutique.
 37024 | Shoals:2 | Gained mutation: You are mostly covered in slimy green
                  | scales. (AC +3) [demonic ancestry]
 37024 | Shoals:2 | Reached XP level 17. HP: 151/151 MP: 25/31
 37136 | Shoals:3 | Noticed Polyphemus
 37136 | Shoals:3 | Found Solel's Magic Scroll Boutique.
 37689 | Shoals:3 | Identified the +6 sling of Summer {flame, Str+2}
 37716 | Shoals:3 | Noticed Ilsuiw
 37723 | Shoals:3 | Killed Ilsuiw
 37974 | Shoals:4 | Entered Level 4 of the Shoals
 38115 | Shoals:4 | Found the ring of the Tortoise {AC+8}
 38356 | Shoals:4 | Identified the +8 quarterstaff of Grontol {heavy, Str+2}
                  | (You took it off a merfolk siren on level 4 of the Shoals)
 38360 | Shoals:4 | Got a barnacled rune of Zot
 38887 | Shoals:4 | Reached skill level 19 in Fighting
 39342 | Spider:1 | Entered Level 1 of the Spider Nest
 39531 | Vaults:1 | Entered Level 1 of the Vaults
 40176 | Vaults:1 | Found a flickering gateway to a bazaar.
 40190 | Bazaar   | Entered a bazaar
 40192 | Bazaar   | Found Zapiffashu's General Store.
 40196 | Bazaar   | Found Vaterr's Weapon Boutique.
 40196 | Bazaar   | Found Guiblo's Armour Boutique.
 40197 | Bazaar   | Found Saapizeo's Antique Armour Boutique.
 40230 | Bazaar   | Bought a spiked leather armour for 154 gold pieces
 40230 | Bazaar   | Identified the +2 leather armour of Hangman {rC+ Int+3}
                  | (You bought it in a shop in a bazaar)
 40230 | Bazaar   | Bought a glowing scarf for 176 gold pieces
 40526 | Vaults:1 | Reached ****** piety under Vehumet
 40767 | Vaults:1 | Offered knowledge of Conjure Ball Lightning by Vehumet.
 40768 | Vaults:1 | Gained mutation: You have a pair of large horns on your
                  | head. [demonic ancestry]
 40768 | Vaults:1 | Reached XP level 18. HP: 160/160 MP: 23/33
 40781 | Vaults:1 | Reached skill level 10 in Fire Magic
 41568 | Vaults:1 | Identified the +3 ring mail of the Butcher {rCorr Int-2
                  | Dex+4 Stlth+}
 42203 | Vaults:2 | Paralysed by a sphinx for 2 turns
 42340 | Vaults:2 | Found Toetif's Armour Shop.
 42627 | Vaults:2 | Noticed Margery
 42644 | Vaults:2 | Killed Margery
 42783 | Vaults:2 | Paralysed by a formless jellyfish for 1 turns
 43011 | Vaults:2 | Noticed Nikola
 43838 | Vaults:2 | Killed Nikola
 44378 | Vaults:2 | Found a staircase to the Crypt.
 44414 | Vaults:2 | Offered knowledge of Shatter by Vehumet.
 44414 | Vaults:2 | Offered knowledge of Chain Lightning by Vehumet.
 44414 | Vaults:2 | Offered knowledge of Polar Vortex by Vehumet.
 44617 | Vaults:2 | Upgraded the game from 0.31-a0-726-g3c93526463 to
                  | 0.31-a0-731-ga75f04deac
 44688 | Vaults:3 | Reached skill level 20 in Fighting
 44700 | Vaults:3 | Paralysed by a sphinx for 3 turns
 45087 | Vaults:3 | Noticed a golden dragon
 45095 | Vaults:3 | Killed a golden dragon
 45243 | Vaults:3 | Reached skill level 10 in Shields
 45376 | Vaults:3 | Gained mutation: You regenerate a lot of health from kills.
                  | [demonic ancestry]
 45376 | Vaults:3 | Reached XP level 19. HP: 169/169 MP: 25/36
 45516 | Vaults:3 | HP: 7/169 [crystal guardian/crystal bolt[a peacekeeper]
                  | (7)]
 45516 | Vaults:3 | Killed from afar by an ironbound frostheart

Illustrated notes

Levels and vault maps discovered:
D:1:      dpeg_arrival_stonehenge_12_columns, layout_loops_ring
D:2:      layout_loops_ring, uniq_sigmund, uniq_robin
D:3:      layout_basic, shapermc_ecumenical_altar_mp_urbaneastern, uniq_ijyb
D:4:      layout_basic, mainiacjoe_overflow_cross_hatched
D:5:      layout_rooms, cheibrodos_sewer_entry_drain, serial_shops,
          nicolae_shop_pleasant_corner_grove
D:6:      layout_loops_corners, uniq_blork_the_orc
D:7:      layout_layer_cave, nicolae_overflow_hidden_temple,
          mainiacjoe_overflow_big_doors, minmay_temple_entry_statues_pillars,
          kennysheep_flooded_box
D:8:      layout_basic, minmay_microvault, uniq_prince_ribbit1, uniq_pikel
D:9:      layout_roguey, gammafunk_temple_overflow_statue, orc_0_dummy,
          serial_bayou, serial_bayou_ford_a, serial_bayou_shore_b,
          serial_bayou_lagoon_a, serial_bayou_pond_c, serial_bayou_crossing
D:10:     layout_cave_pools, serial_undead, serial_undead_d, serial_undead_f,
          serial_undead_f, serial_undead_f, nicolae_twisty_statue_hallways,
          uniq_harold
D:11:     layout_grid_maze, dpeg_oklobed_lair, kennysheep_windowed_goal
D:12:     layout_stronghold
D:13:     layout_stronghold, erik_vaults_2, nicolae_doodle_vault
D:14:     minmay_tri_stars, layout_rooms, grunt_ministairs_1
D:15:     hangedman_depths_entry_civil_slaughter, layout_cave_pools,
          ebering_ghost_reflecting_pool, nicolae_sextant,
          grunt_dithmenos_smoke_and_mirrors
Temple:   hellmonk_temple_divided_pantheon
Lair:1:   layout_roguey, enter_volcano_1, gauntlet_entry_generic,
          cheibrodos_lair_caveside_slide, pdpol_lair_neglected_garden
Lair:2:   layout_chaotic_city, serial_rivers, chequers_serial_rivers_micro_a,
          chequers_serial_rivers_micro_e, chequers_serial_rivers_micro_c,
          chequers_serial_rivers_marsh, chequers_serial_rivers_micro_c,
          chequers_serial_rivers_micro_e, uniq_gastronok
Lair:3:   layout_regular_city, minmay_shoals_entry_hut,
          spider_nest_entry_funnel_web, serial_bayou_shore_b, uniq_fannar,
          uniq_sonja
Lair:4:   layout_hall_layers, minmay_slime_entry_pillars,
          ebering_ghost_disaster_area, hibernation_bobbens, grunt_megastairs_4,
          serial_bayou_shore_a
Lair:5:   evilmike_catoblepas_cave, layout_big_grid
Shoals:1: layout_shoals, ldierk_geyser, overgrown_hall, uniq_frances
Shoals:2: layout_shoals, serial_shops, nicolae_shop_just_a_little_nook,
          nicolae_shoals_lost_giant_baths
Shoals:3: layout_shoals, serial_shops, shop, uniq_polyphemus, uniq_ilsuiw
Shoals:4: shoals_end_simple, layout_shoals, nicolae_shoals_sun_and_surf
Spider:1: layout_spider_delve
Orc:1:    layout_diamond_mine, david_defended_altar_orc
Orc:2:    st_orc_ogre_mass, layout_diamond_mine
Vaults:1: nicolae_vaults_frosty_reception, nicolae_vaults_circle_grid_a,
          nicolae_vaults_storage_closets_3, nicolae_vaults_alarming,
          nicolae_vaults_prndl, v_rooms_4, nicolae_vaults_wine_cellar,
          vaults_dpeg_encased_lava, layout_vaults_omnigrid, serial_shops,
          bzr_firewalk
Vaults:2: vaults_room_semicircle, minmay_crypt_entry_simple_walls, v_misc_30,
          nicolae_vaults_two_Ls, nicolae_vaults_gold_heap,
          nicolae_vaults_disappearing_quadrants, vaults_mumra_lcd,
          vaults_dpeg_ring, nicolae_vaults_big_angled_halls,
          nicolae_vaults_door_testing_chamber, ontoclasm_vaults_decontamination,
          v_misc_25, nicolae_vaults_taking_the_gang_shopping,
          vaults_dpeg_diagonal, nicolae_vaults_three_branches,
          layout_vaults_omnibox, uniq_margery, uniq_nikola
Vaults:3: ontoclasm_vaults_gateway, nicolae_vaults_trapezoid_4,
          ontoclasm_vaults_loading_screen, vaults_dpeg_cross,
          hangedman_vaults_stagger, grunt_vaults_hallway_short, st_octagons_2,
          hangedman_vaults_corner, nicolae_vaults_trapezoid_1,
          nicolae_vaults_little_squares_4, nicolae_vaults_mini_display_case,
          nicolae_vaults_more_shelving_1, layout_vaults_ring

Skill      XL: |  1  2  3  4  5  6  7  8  9 10 11 12 13 14 15 16 17 18 |
---------------+-------------------------------------------------------+-----
Spellcasting   | 3 4 5 6 8 10 11 13 | 13.0
Conjurations   | 5 6 7 8 10 11 12 14 16 18 | 18.0
Fighting       | 1 4 5 8 10 12 14 16 17 18 19 20 | 20.0
Shields        | 3 4 5 8 10 | 10.1
Ice Magic      | 3 4 |  4.0
Air Magic      | 3 4 |  4.0
Fire Magic     | 5 8 9 11 | 11.5
Dodging        | 4 |  4.0
Armour         | 4 |  4.0
Necromancy     | 4 6 |  6.0
Stealth        | |  1.7

Action                     |  1- 3 |  4- 6 |  7- 9 | 10-12 | 13-15 | 16-18 | 19-21 || total
---------------------------+-------+-------+-------+-------+-------+-------+-------++-------
  Melee: Unarmed           |     8 |       |       |       |       |       |       ||     8
         Club              |     6 |       |       |       |       |       |       ||     6
         Short sword       |     2 |       |       |       |       |       |       ||     2
         Punch             |     1 |       |       |       |       |       |       ||     1
         Dagger            |       |       |    17 |    32 |   103 |       |       ||   152
         Headbutt          |       |       |     3 |    11 |    30 |    10 |       ||    54
         Staff             |       |       |       |       |     2 |    26 |       ||    28
   Cast: Magic Dart        |    54 |   105 |   232 |   269 |   299 |    15 |       ||   974
         Searing Ray       |     1 |    11 |    43 |   128 |    91 |    62 |       ||   336
         Freezing Cloud    |       |       |       |    55 |   246 |    67 |       ||   368
         Stone Arrow       |       |       |       |    12 |    51 |    25 |     2 ||    90
         Orb of Destructio |       |       |       |     1 |    39 |    84 |     8 ||   132
         Starburst         |       |       |       |       |    34 |    20 |       ||    54
         Fireball          |       |       |       |       |       |   482 |     6 ||   488
         Sublimation of Bl |       |       |       |       |       |   166 |    12 ||   178
  Evoke: Wand              |       |       |       |    12 |       |       |     3 ||    15
    Use: Scroll            |       |       |    11 |     8 |     1 |    17 |       ||    37
         Potion            |       |       |     1 |     1 |     2 |     4 |     4 ||    12
 Armour: Robe              |     9 |    14 |    89 |   112 |       |       |       ||   224
         Troll leather arm |       |       |       |   190 |   323 |   373 |    25 ||   911
  Dodge: Dodged            |    17 |    11 |    47 |   138 |   117 |   166 |    13 ||   509
  Block: Buckler           |       |       |    15 |    66 |    44 |    77 |     2 ||   204

Table legend: (Time is in decaauts)
 A = Elapsed time spent in this place.
 B = Non-inter-level travel time spent in this place.
 C = Inter-level travel time spent in this place.
 D = Time resting spent in this place.
 E = Time spent auto-exploring this place.
 F = Levels seen in this place.
 G = Mean time per level.
                   A        B        C        D        E       F      G
               +--------+--------+--------+--------+--------+-----+--------+
         Total |  45989 |  43353 |   2636 |   1379 |  34906 |  34 | 1352.6 |
       Dungeon |  23133 |  21757 |   1376 |    437 |  18125 |  15 | 1542.2 |
        Temple |     28 |     12 |     16 |      0 |      0 |   1 |   28.0 |
          Lair |   8371 |   7803 |    568 |    136 |   6362 |   5 | 1674.2 |
        Shoals |   4861 |   4565 |    296 |    341 |   3493 |   4 | 1215.2 |
   Spider Nest |      3 |      3 |      0 |      0 |      0 |   1 |    3.0 |
  Orcish Mines |   2612 |   2482 |    130 |    103 |   1879 |   2 | 1306.0 |
        Vaults |   5926 |   5677 |    249 |    362 |   4288 |   3 | 1975.3 |
        Bazaar |     66 |     66 |      0 |      0 |     27 |   1 |   66.0 |
         Sewer |    479 |    479 |      0 |      0 |    399 |   1 |  479.0 |
      Gauntlet |    505 |    505 |      0 |      0 |    332 |   1 |  505.0 |
               +--------+--------+--------+--------+--------+-----+--------+

Top non-repeatable levels by time:
    D:13: 2839 daAuts
Vaults:1: 2703 daAuts
Vaults:2: 2503 daAuts
     D:9: 2410 daAuts
  Lair:4: 2147 daAuts
    D:14: 2055 daAuts
  Lair:5: 1945 daAuts
    D:11: 1831 daAuts
     D:7: 1735 daAuts
     D:8: 1701 daAuts
    D:15: 1639 daAuts
   Orc:2: 1636 daAuts
  Lair:3: 1550 daAuts
  Lair:2: 1544 daAuts
    D:12: 1495 daAuts
